 Dungeon Crawl Stone Soup version 0.26-a0-612-gd4d190f45e (webtiles) character file.

Game seed: 7515263600381453030

9 Peloso the Skirmisher (level 2, 24/24 HPs)
             Began as a Demonspawn Fighter on Sept 10, 2020.
             Got out of the dungeon alive.
             The game lasted 00:01:21 (390 turns).

Peloso the Skirmisher (Demonspawn Fighter)           Turns: 390, Time: 00:01:21

Health: 24/24      AC:  6    Str: 14    XL:     2   Next: 3%
Magic:  2/2        EV:  6    Int:  9    God:
Gold:   33         SH:  8    Dex: 12    Spells: 1/1 levels left

rFire    . . .     SeeInvis .   a - +0 long sword
rCold    . . .     Faith    .   c - +0 kite shield
rNeg     . . .     Spirit   .   b - +0 scale mail
rPois    .         Reflect  .   (no helmet)
rElec    .         Harm     .   (no cloak)
rCorr    .                      (no gloves)
MR       .....                  (no boots)
Stlth    ..........             (no amulet)
HPRegen  0.08/turn              (no ring)
MPRegen  0.08/turn              (no ring)

@: no status effects
A: demonic guardian 1, weak 1, wild magic 1
a: no special abilities


You escaped.
You visited 1 branch of the dungeon, and saw 1 of its levels.

You collected 33 gold pieces.

Inventory:

Hand Weapons
 a - a +0 long sword (weapon)
Armour
 b - a +0 scale mail (worn)
 c - a +0 kite shield (worn)
Potions
 d - a potion of might


   Skills:
 + Level 3.1 Fighting
 + Level 1.8 Long Blades
 + Level 2.9 Armour
 + Level 2.8 Shields


You had one spell level left.
You didn't know any spells.
Your spell library was empty.

Dungeon Overview and Level Annotations

Branches:
Dungeon (1/15)

Altars:


Innate Abilities, Weirdness & Mutations

A weak demonic guardian rushes to your aid.
You are weak. (Str -2)
Your spells are a little harder to cast, but a little more powerful.


Message History

You feel less wooden.
Your +0 scale mail unmelds from your body.
As you open the door, it creaks loudly!
There is an open door here.
(D) Dungeon
Where to? (Enter - D:1 @ (x,y), ? - help)
What level of the Dungeon? (default 1, ? - help)
Things that are here:
a +0 short sword; a kobold skeleton You see here a stone.
Things that are here:
a stone; a ball python skeleton You see here a stone.
You see here a stone.
You see here a stone.
There is a stone staircase leading down here.
There is a fountain of clear blue water here.
There is a staircase leading out of the dungeon here.
Are you sure you want to leave the Dungeon?
This will make you lose the game!
You have escaped!

...#.# #.# #...#### #.#
#.....## #.###
#####..##..###########...#
((((..>..................#
########...##♣♣♣.♣♣♣##...#
#...# ♣⌠♣ #...#
#...♣♣♣♣♣.♣♣♣♣♣..##
#......⌠.@.⌠.....#
#...♣♣♣♣♣.♣♣♣♣♣..# #...#
♣⌠♣ #..#
#...##♣♣♣.♣♣♣##..#
#................#
#........)...#####
##############


There were no monsters in sight!

Vanquished Creatures
  An ooze (D:1)
  A giant cockroach (D:1)
  A goblin (D:1)
  A kobold (D:1)
  A ball python (D:1)
5 creatures vanquished.

Notes
Turn   | Place    | Note
-------+----------+-------------------------------------------
     0 | D:1      | Peloso the Demonspawn Fighter began the quest for the Orb.
     0 | D:1      | Reached XP level 1. HP: 18/18 MP: 1/1
   307 | D:1      | Gained mutation: A weak demonic guardian rushes to your
                  | aid. [demonic ancestry]
   307 | D:1      | Reached XP level 2. HP: 24/24 MP: 2/2
   312 | D:1      | Gained mutation: You are weak. (Str -2) [potion of
                  | mutation]
   312 | D:1      | Gained mutation: Your spells are a little harder to cast,
                  | but a little more powerful. [potion of mutation]
   390 | D:$      | Got out of the dungeon alive.

Illustrated notes

Levels and vault maps discovered:
D:1:      scummos_arrival_forest, layout_basic

Action                   || total
-------------------------++-------
Melee: Long sword        ||    11
  Use: Potion            ||     4
Armor: Scale mail        ||     6
Dodge: Dodged            ||     5
Block: Kite shield       ||     7
       Rpst.: Long sword ||     2

Table legend: (Time is in decaauts)
 A = Elapsed time spent in this place.
 B = Non-inter-level travel time spent in this place.
 C = Inter-level travel time spent in this place.
 D = Time resting spent in this place.
 E = Time spent auto-exploring this place.
 F = Levels seen in this place.
 G = Mean time per level.
                   A        B        C        D        E       F      G
               +--------+--------+--------+--------+--------+-----+--------+
         Total |    394 |    372 |     22 |     38 |    271 |   1 |  394.0 |
       Dungeon |    394 |    372 |     22 |     38 |    271 |   1 |  394.0 |
               +--------+--------+--------+--------+--------+-----+--------+

Top non-repeatable levels by time:
     D:1: 394 daAuts
